 Dungeon Crawl Stone Soup version 0.30-b1-2-g02819fbbbe (webtiles) character file.

Game seed: 9840050113680040541

62 Mesmaeker13 the Sneak (level 3, -6/27 HPs)
             Began as an Armataur Hedge Wizard on May 29, 2023.
             Mangled by Terence
             ... wielding a +1 mace of protection
              (11 damage)
             ... on level 3 of the Dungeon.
             The game lasted 00:04:56 (2093 turns).

Mesmaeker13 the Sneak (Armataur Hedge Wizard)       Turns: 2093, Time: 00:04:56

Health: -6/27      AC:  5    Str: 13 (15) XL:     3   Next: 85%
Magic:  1/7        EV:  9    Int: 12 (16) God:
Gold:   51         SH:  0    Dex:  3 (9)  Spells: 5/8 levels left

rFire   . . .        p - +1 short sword (venom)
rCold   . . .        (no shield)
rNeg    . . .        b - +0 robe
rPois   .            m - +0 helmet
rElec   .            (no cloak)
rCorr   .            (no gloves)
SInv    .            (no barding)
Will    .....        (no amulet)
Stlth   ++           (no ring)
HPRegen 0.24/turn    (no ring)
MPRegen 0.10/turn

%: roll
@: no status effects
A: large, rugged brown scales 3, deformed body, armoured tail, roll, long
tongue, awkward tongue
a: no special abilities


You were on level 3 of the Dungeon.
You visited 1 branch of the dungeon, and saw 3 of its levels.

You collected 51 gold pieces.

Inventory:

Hand Weapons
 g - a +0 halberd
 p - a +1 short sword of venom (weapon)
Armour
 b - a +0 robe (worn)
 m - a +0 helmet (worn)
Scrolls
 c - a scroll of teleportation {unknown}
 f - a scroll of identify {unknown}
 i - 2 scrolls of amnesia {unknown}
 n - a scroll of fog {unknown}
 o - a scroll of blinking {unknown}
Potions
 d - a potion of magic
 e - a potion of degeneration
 h - 2 potions of haste
 k - a potion of brilliance
 l - a potion of curing


   Skills:
 - Level 1.3 Dodging
 + Level 3.3 Stealth
 + Level 3.1 Spellcasting
 + Level 2.0 Conjurations
 + Level 1.1 Summonings
 - Level 1.0 Translocations


You had 5 spell levels left.
You knew the following spells:

 Your Spells              Type           Power      Damage    Failure   Level
a - Magic Dart            Conj           24%        1d4       11%         1
b - Call Imp              Summ           8%         N/A       22%         2

Your spell library contained the following spells:

 Spells                   Type           Power      Damage    Failure   Level
 Kiss of Death            Conj/Necr      16%        2d6       16%         1
 Necrotise                Necr           4%         1d4       24%         1
 Slow                     Hex            4%         N/A       24%         1
 Blink                    Tloc           8%         N/A       24%         2
 Cigotuvi's Dreadful Rot  Necr/Pois/Air  2%         N/A       36%         2
 Sublimation of Blood     Necr           1%         N/A       36%         2
 Mephitic Cloud           Conj/Pois/Air  3%         N/A       50%         3
 Death Channel            Necr           0%         N/A       100%        6


Dungeon Overview and Level Annotations

Branches:
Dungeon (3/15)

Altars:
Sif Muna

Annotations:
D:3 exclusion: door, Terence


Innate Abilities, Weirdness & Mutations

You are completely covered in rugged brown scales. (AC +3, +7% HP)
Armour fits poorly on your strangely shaped body.
You have a long armoured tail.
You roll when moving toward enemies. (Rampage)
Your long tongue fully drains potion bottles. (2x potion effects)
Your tongue gives you trouble enunciating. (1.5x scroll delay)


Message History

Attack!
Terence misses your cerulean imp.
Your cerulean imp hits Terence but does no damage.
Unknown command.
Terence hits your cerulean imp with a +1 mace of protection!
Your cerulean imp dies!
Your cerulean imp disappears in a puff of smoke!
It was a potion of degeneration.
There was something very wrong with that liquid.
You feel weakened.
You feel dopey.
You feel clumsy.
You slurp down every last drop of the potion of degeneration!
It was a potion of cancellation.
You feel magically purged.
You slurp down every last drop of the potion of cancellation!
Okay, then.
Casting: Call Imp (safe; 22% risk of failure)
Confirm with . or Enter, or press ? or * to list all spells.
Aiming: Magic Dart (safe; 11% risk of failure)
Press: ? - help, Shift-Dir - straight line, f/p - Terence
Aim: Terence, wielding a +1 mace of protection and wearing a +0 scale mail (heavily wounded, poisoned, 100% to hit)
The magic dart hits Terence but does no damage.
Terence is heavily wounded.
Casting: Magic Dart (safe; 11% risk of failure)
Confirm with . or Enter, or press ? or * to list all spells.
You don't have enough magic to cast this spell.
You roll towards Terence!
You barely miss Terence.
Terence is severely wounded.
Terence hits you with a +1 mace of protection.
* * * LOW HITPOINT WARNING * * *
Unknown command.
You hit Terence but do no damage.
Terence is severely wounded.
Terence hits you but does no damage.
Unknown command.
You hit Terence but do no damage.
Terence is severely wounded.
Terence closely misses you.
Unknown command.
You hit Terence but do no damage.
Terence is severely wounded.
Terence hits you with a +1 mace of protection!
You die...

####..).†..# ####
#..##.<....#
#o≈..#8..#......#
#>≈..+._........#
#o≈..#8..#......#
#### #..##......#
####.....###
#.....##.##
#)######@# #@#
#.#
#.############
#...@........#
############.# .#
.# .#


You could see Terence (poisoned).

Vanquished Creatures
  2 adders
  A worm (D:2)
  An orc (D:3)
  6 bats
  2 endoplasms (D:1)
  3 giant cockroaches
  5 hobgoblins
  A quokka (D:1)
  4 ball pythons
  3 frilled lizards (D:1)
  2 goblins (D:1)
  4 kobolds
  5 rats
39 creatures vanquished.

Notes
Turn   | Place    | Note
-------+----------+-------------------------------------------
     0 | D:1      | Mesmaeker13 the Armataur Hedge Wizard began the quest for
                  | the Orb.
     0 | D:1      | Reached XP level 1. HP: 14/14 MP: 4/4
    14 | D:1      | Got the Compilation of Necromantic Deeds
    46 | D:1      | Reached skill level 1 in Conjurations
   366 | D:1      | Reached XP level 2. HP: 21/21 MP: 1/5
  1315 | D:2      | Learned a level 2 spell: Call Imp
  1352 | D:2      | Reached XP level 3. HP: 27/27 MP: 1/7
  1594 | D:2      | Reached skill level 1 in Summonings
  1975 | D:3      | Found a shimmering blue altar of Sif Muna.
  2050 | D:3      | Noticed Terence
  2093 | D:3      | Mangled by Terence

Illustrated notes

Levels and vault maps discovered:
D:1:      ebering_hopf_link, layout_loops_corners
D:2:      layout_rooms, hex_intersection
D:3:      layout_loops_ring, led_sif_book, roderic_nine_men_s_morris,
          uniq_terence, uniq_sigmund

Skill      XL: |  1  2  3 |
---------------+----------+-----
Conjurations   | 1 2 |  2.0
Spellcasting   | 3 |  3.1
Stealth        | 3 |  3.3
Summonings     | 1 |  1.1
Dodging        | |  1.3
Translocations | |  1.0

Action                     || total
---------------------------++-------
  Melee: Dagger            ||    12
         Halberd           ||    29
         Tailslap          ||     4
         Short sword       ||     7
   Cast: Magic Dart        ||    81
         Call Imp          ||     3
    Use: Potion            ||     5
   Stab: Sleeping          ||     1
 Armour: Robe              ||    21
  Dodge: Dodged            ||    23
